 Dungeon Crawl Stone Soup version 0.25-a0-1073-gf4359a17dd (webtiles) character file.

Game seed: 15216431907407304469, levelgen mode: deterministic

7518 tilp the Quickloader (level 11, -4/68 HPs)
             Began as a Kobold Arcane Marksman on May 14, 2020.
             Was a Priest of Okawaru.
             Slain by a two-headed ogre
             ... wielding a +0 giant club
              (14 damage)
             ... on level 9 of the Dungeon.
             The game lasted 00:39:01 (16845 turns).

tilp the Quickloader (Kobold Arcane Marksman)      Turns: 16845, Time: 00:39:01

Health: -4/68      AC:  8    Str: 11    XL:     11   Next: 38%
Magic:  35/35      EV: 19    Int: 15    God:    Okawaru [***...]
Gold:   434        SH:  0    Dex: 18    Spells: 8/18 levels left

rFire    + . .     SeeInvis .   a - +1 hand crossbow
rCold    + . .     Gourm    .   (shield restricted)
rNeg     . . .     Faith    .   H - +2 robe {rC+ rF+}
rPois    .         Spirit   .   (no helmet)
rElec    .         Reflect  .   (no cloak)
rCorr    .         Harm     .   j - +0 pair of fencer's gloves {Riposte Dex+3}
MR       .....                  m - +2 pair of boots
Stlth    +++.......             (no amulet)
HPRegen  0.21/turn              x - ring of magical power
MPRegen  0.24/turn              t - ring of magical power

@: no status effects
A: small, carnivore
a: Heroism, Renounce Religion


You were on level 9 of the Dungeon.
You worshipped Okawaru.
Okawaru was most pleased with you.
You were very full.

You visited 2 branches of the dungeon, and saw 11 of its levels.
You also visited: Sewer.

You collected 434 gold pieces.

Inventory:

Hand Weapons
 a - a +1 hand crossbow (weapon)
 b - a +2 dagger of venom
 r - a +1 flail of protection
 C - a +2 short sword of speed
 G - a +2 whip of venom
 I - a +0 morningstar
Missiles
 d - 48 bolts (quivered)
 l - 35 poisoned darts
 o - 6 boomerangs of dispersal
 D - a throwing net
 F - 12 boomerangs
Armour
 j - the +0 pair of fencer's gloves (worn) {Riposte Dex+3}
   (You found it on level 10 of the Dungeon)

   It affects your dexterity (+3).
 m - a +2 pair of boots (worn)
 s - a +1 pair of gloves
 y - a +4 scale mail of positive energy
 H - a +2 robe of resistance (worn)
 N - a scarf of harm
Jewellery
 t - a ring of magical power (right hand)
 x - a ring of magical power (left hand)
 E - an uncursed ring of protection from magic
Wands
 v - a wand of disintegration (9)
 A - a wand of polymorph (17)
 M - a wand of acid (9)
 O - a wand of flame (16)
 P - a wand of digging (2)
Scrolls
 g - a scroll of amnesia
 h - 11 scrolls of remove curse
 i - 3 scrolls of enchant weapon
 u - 3 scrolls of teleportation
 K - a scroll of vulnerability {unknown}
Potions
 e - a potion of flight
 f - 3 potions of berserk rage
 k - a potion of cancellation {unknown}
 n - 2 potions of might
 p - 4 potions of heal wounds
 q - 3 potions of stabbing
 w - 3 potions of haste
 z - 2 potions of invisibility {unknown}
 B - a potion of magic {unknown}
 J - 2 potions of curing
 L - a potion of ambrosia {unknown}
Comestibles
 c - 25 rations


   Skills:
 + Level 8.1 Fighting
 - Level 10.0 Crossbows
 + Level 6.1 Dodging
 - Level 4.0 Stealth
 - Level 4.0 Spellcasting
 - Level 8.0 Hexes
 - Level 8.0 Invocations
 - Level 4.0 Evocations


You had 8 spell levels left.
You knew the following spells:

 Your Spells              Type           Power        Failure   Level  Hunger
a - Corona                Hex            ####...      1%          1    None
b - Slow                  Hex            ####....     1%          2    ##.....
c - Portal Projectile     Hex/Tloc       ###...       11%         3    ###....
d - Cause Fear            Hex            ####......   7%          4    ####...

Your spell library contained the following spells:

 Spells                   Type           Power        Failure   Level  Hunger
 Inner Flame              Hex/Fire       ###.....     11%         3    ###....
 Spectral Weapon          Hex/Chrm       ###.....     11%         3    ###....
 Infusion                 Chrm           #...         19%         1    None
 Shroud of Golubria       Chrm/Tloc      #.....       26%         2    ##.....
 Song of Slaying          Chrm           #.......     26%         2    ##.....
 Leda's Liquefaction      Hex/Erth       ###.......   34%         4    ####...
 Ozocubu's Armour         Chrm/Ice       #.......     47%         3    ###....
 Bolt of Magma            Conj/Fire/Erth #.........   99%         5    ######.
 Iskenderun's Battlesphe  Conj/Chrm      #.......     99%         5    ######.
 Iron Shot                Conj/Erth      #.........   100%        6    #######
 Orb of Destruction       Conj           #.........   100%        7    #######
 Spellforged Servitor     Conj/Summ      #.........   100%        7    #######


Dungeon Overview and Level Annotations

Branches:
Dungeon (10/15)            Temple (1/1) D:6            Lair (0/6) D:9
  Sewer (visited)
    Orc: D:9-12

Altars:
Ashenzari
Cheibriados
Dithmenos
Elyvilon
Fedhas
Gozag
Hepliaklqana
Kikubaaqudgha
Makhleb
Nemelex Xobeh
Okawaru
Qazlal
Ru
Sif Muna
Trog
Uskayaw
Vehumet
Wu Jian
Xom
Yredelemnul
Zin
The Shining One
Beogh

Annotations:
D:4 exclusion: ogre
D:5 exclusion: adder, Prince Ribbit


Innate Abilities, Weirdness & Mutations

You are small and have problems with some larger weapons.
You are carnivorous and can eat meat at any time.


Message History

Press: ? - help, Shift-Dir - straight line, f - two-headed ogre
Aim: a two-headed ogre, wielding a +0 giant club and a +0 giant spiked club (chance to defeat MR: 50%)
The two-headed ogre resists with some effort.
The two-headed ogre completely misses you.
The two-headed ogre hits you with a +0 giant spiked club!!
* * * LOW HITPOINT WARNING * * *
There is an open door here.
The two-headed ogre completely misses you.
You riposte.
You clumsily bash the two-headed ogre but do no damage.
The two-headed ogre hits you with a +0 giant spiked club!
* * * LOW HITPOINT WARNING * * *
Casting: Slow (safe; 1% risk of failure)
Confirm with . or Enter, or press ? or * to list all spells.
Aiming: Slow (safe; 1% risk of failure)
Press: ? - help, Shift-Dir - straight line, f/p - two-headed ogre
Aim: a two-headed ogre, wielding a +0 giant club and a +0 giant spiked club (chance to defeat MR: 50%)
The two-headed ogre resists with some effort.
The two-headed ogre hits you with a +0 giant club!
You die...

######### ##### #.......#######
....# #.......#.....#
....###.......#.....#
....)>'....).[[.....#
....#.#.......#[@...#
....#.#.......#[[O..## ###
#####.#.......#.[....# #..
##)...☼#######......## #..
#..°.°.############..# #..
##..._○.......#######.#########..
.....?.......>'...............'..
......)○......#######..########..
..............# ##.## #..


You could see a two-headed ogre.

Vanquished Creatures
  2 two-headed ogres
  Pikel (D:5)
  A hippogriff (D:8)
  A yak (D:9)
  A vampire (D:9)
  4 hogs (D:8)
  A hungry ghost (D:9)
  A human (D:8)
  Edmund (D:5)
  2 water moccasins
  6 orc warriors
  A sky beast (D:8)
  A necrophage (D:9)
  An ice beast (D:7)
  A slave (D:5)
  3 phantoms
  4 ogres
  A centaur (D:9)
  2 bullfrogs
  3 scorpions
  19 killer bees
  A howler monkey (D:9)
  3 crimson imps
  A bullfrog zombie (D:6)
  6 hounds
  10 orc priests
  19 orc wizards
  A bullfrog skeleton (D:4)
  3 iguanas
  A worker ant (D:10)
  2 worker ant zombies
  10 adders
  2 river rats (D:4)
  A shadow imp (D:5)
  4 adder skeletons
  3 worms
  2 dart slugs
  5 leopard geckos
  40 orcs
  6 ball pythons
  7 giant cockroaches
  8 goblins
  12 hobgoblins
  17 jackals
  2 quokkas
  6 bats
  6 frilled lizards
  15 kobolds
  A leopard gecko skeleton (D:6)
  26 rats
  5 plants (Sewer)
282 creatures vanquished.

Vanquished Creatures (others)
  A gnoll shaman (D:9)
  5 gnolls (D:9)
  A quokka (D:9)
  A plant (Sewer)
8 creatures vanquished.

Grand Total: 290 creatures vanquished

Notes
Turn   | Place    | Note
-------+----------+-------------------------------------------
     0 | D:1      | tilp the Kobold Arcane Marksman began the quest for the
                  | Orb.
     0 | D:1      | Reached XP level 1. HP: 12/12 MP: 2/2
   190 | D:1      | Reached XP level 2. HP: 8/17 MP: 0/3
   368 | D:1      | Learned a level 2 spell: Slow
   803 | D:1      | Reached XP level 3. HP: 23/23 MP: 0/4
  1709 | D:2      | Reached XP level 4. HP: 17/29 MP: 5/5
  2341 | D:2      | Reached skill level 3 in Crossbows
  3206 | D:3      | Reached XP level 5. HP: 33/33 MP: 6/6
  3326 | D:3      | Reached skill level 4 in Crossbows
  3424 | D:3      | Found a shattered altar of Ashenzari.
  3928 | D:3      | Reached skill level 5 in Crossbows
  4293 | D:3      | Found a hazy altar of Hepliaklqana.
  4351 | D:4      | Noticed an ogre
  4366 | D:4      | Reached XP level 6. HP: 30/38 MP: 7/7
  4484 | D:4      | Found an opulent altar of Gozag.
  4612 | D:4      | Reached skill level 6 in Crossbows
  4655 | D:4      | Found a glowing drain.
  4713 | Sewer    | Entered a sewer
  6326 | D:5      | Entered Level 5 of the Dungeon
  6544 | D:5      | Noticed a slave
  6601 | D:5      | Reached XP level 7. HP: 43/43 MP: 10/10
  6606 | D:5      | Got a blackened ring mail
  6823 | D:5      | Found a sacrificial altar of Ru.
  6830 | D:5      | Reached skill level 5 in Hexes
  7277 | D:5      | Reached skill level 1 in Evocations
  7315 | D:5      | Noticed Edmund
  7362 | D:5      | Killed Edmund
  7362 | D:5      | Reached XP level 8. HP: 40/48 MP: 11/11
  7465 | D:5      | Noticed Pikel
  7594 | D:5      | Reached skill level 1 in Stealth
  7688 | D:5      | Killed Pikel
  7688 | D:5      | Reached skill level 5 in Fighting
  7882 | D:5      | Noticed Prince Ribbit
  8020 | D:5      | Reached XP level 9. HP: 54/54 MP: 12/12
  8260 | D:6      | Reached skill level 5 in Dodging
  8587 | D:6      | Found a bloodstained altar of Trog.
  8640 | D:6      | Identified the cursed +1 ring mail "Tepitura" {+Blink} (You
                  | found it on level 5 of the Dungeon)
  9007 | D:6      | Reached skill level 7 in Crossbows
  9168 | D:6      | Found a staircase to the Ecumenical Temple.
  9181 | Temple   | Entered the Ecumenical Temple
  9448 | Temple   | Became a worshipper of Warmaster Okawaru
  9960 | D:6      | Found an ancient bone altar of Kikubaaqudgha.
 10166 | D:7      | Reached skill level 8 in Crossbows
 10338 | D:7      | Reached * piety under Okawaru
 10546 | D:7      | Reached skill level 9 in Crossbows
 10581 | D:7      | Noticed a two-headed ogre
 10629 | D:7      | Killed a two-headed ogre
 10629 | D:7      | Reached ** piety under Okawaru
 10629 | D:7      | Reached skill level 10 in Crossbows
 10629 | D:7      | Reached XP level 10. HP: 17/60 MP: 14/14
 10908 | D:7      | Learned a level 3 spell: Portal Projectile
 10913 | D:7      | Learned a level 4 spell: Cause Fear
 12167 | D:8      | Reached *** piety under Okawaru
 12800 | D:8      | Found a radiant altar of Vehumet.
 12833 | D:8      | Received a gift from Okawaru
 13171 | D:8      | Found a basalt altar of Yredelemnul.
 13172 | D:8      | Found a blossoming altar of Fedhas.
 13172 | D:8      | Found a stormy altar of Qazlal.
 13677 | D:9      | Found a staircase to the Lair.
 14027 | D:9      | Reached skill level 1 in Invocations
 14336 | D:9      | Found a radiant altar of Vehumet.
 14755 | D:9      | Reached XP level 11. HP: 29/68 MP: 17/17
 14954 | D:9      | Found a roughly hewn altar of Beogh.
 15263 | D:9      | Reached skill level 5 in Invocations
 15473 | D:9      | Received a gift from Okawaru
 16195 | D:10     | Entered Level 10 of the Dungeon
 16204 | D:10     | Noticed a two-headed ogre
 16253 | D:10     | Noticed a two-headed ogre
 16317 | D:9      | Killed a two-headed ogre
 16634 | D:10     | Found the +0 pair of fencer's gloves {Riposte Dex+3}
 16845 | D:9      | Slain by a two-headed ogre

Illustrated notes

Levels and vault maps discovered:
D:1:      kennysheep_arrival_seaside, layout_loops_ring, chequers_big_river
D:2:      layout_loops_ring, minmay_rat_hole
D:3:      layout_basic, cheibrodos_ashenzari_chains, marbit_many_paths,
          first_ration
D:4:      layout_rooms, nicolae_gozag_cash_rules_everything_around_me,
          portal_sewer_entry_a
D:5:      layout_loops_corners, kennysheep_mini, uniq_pikel,
          uniq_prince_ribbit1, uniq_edmund
D:6:      layout_rooms, nicolae_overflow_hidden_temple,
          minmay_temple_entry_sparse_star, tgw_kikubaaqudgha
D:7:      layout_rooms
D:8:      layout_basic, chequers_temple_overflow_statue_of_worship, basic_altar,
          grunt_livestock
D:9:      kennysheep_ambush_hall, layout_basic, fiery_altar_vehumet,
          lair_entry_dummy, david_defended_altar_orc
D:10:     layout_cave_pools, erik_orc_2, lemuel_altar_in_water, uniq_snorg
Temple:   oiseaux_autumnal_temple

Skill      XL: |  1  2  3  4  5  6  7  8  9 10 11 |
---------------+----------------------------------+-----
Fighting       | 2 3 4 5 6 8 |  8.1
Crossbows      | 3 5 6 10 | 10.0
Spellcasting   | 2 3 4 |  4.0
Hexes          | 4 6 8 |  8.0
Evocations     | 3 4 |  4.0
Stealth        | 4 |  4.0
Dodging        | 4 6 |  6.1
Invocations    | 4 8 |  8.0

Action                   |  1- 3 |  4- 6 |  7- 9 | 10-12 || total
-------------------------+-------+-------+-------+-------++-------
Melee: Short sword       |    61 |   180 |    53 |    29 ||   323
       Mace              |       |    52 |       |       ||    52
       Dagger            |       |   142 |   244 |   338 ||   724
 Fire: Hand crossbow     |    50 |    97 |    93 |   160 ||   400
Throw: Dart              |       |       |     1 |     1 ||     2
 Cast: Corona            |    33 |    32 |    11 |    12 ||    88
       Slow              |       |     6 |    20 |    33 ||    59
Evoke: Wand              |       |       |     3 |     1 ||     4
  Use: Scroll            |     2 |     4 |     2 |     8 ||    16
 Stab: Sleeping          |       |     3 |     2 |     3 ||     8
       Distracted        |       |       |     1 |     1 ||     2
  Eat: Chunk             |    12 |    18 |    15 |    30 ||    75
Armor: Robe              |    11 |     5 |    32 |    85 ||   133
       Leather armour    |       |    71 |     8 |       ||    79
       Scale mail        |       |     3 |       |       ||     3
Dodge: Dodged            |    75 |   243 |   191 |   303 ||   812
       Rpst.: Hand crossbow |       |       |       |     1 ||     1

Table legend:
 A = Non-vault XP
 B = Vault XP
 C = Vault XP percentage of total XP
 D = Non-vault monster count
 E = Vault monster count
 F = Vault count percentage of total count
                 A         B        C        D         E       F
            +---------+---------+-------+---------+---------+-------
      Total |    8009 |    2731 |  25.4 |     208 |      68 |  24.6
            +---------+---------+-------+---------+---------+-------
        D:1 |      47 |       0 |   0.0 |      24 |       0 |   0.0
        D:2 |      64 |      20 |  23.8 |      19 |      19 |  50.0
        D:3 |     131 |       5 |   3.7 |      26 |       1 |   3.7
        D:4 |     126 |      33 |  20.8 |       7 |       6 |  46.2
        D:5 |     696 |     814 |  53.9 |      27 |       2 |   6.9
        D:6 |     884 |       0 |   0.0 |      19 |       0 |   0.0
        D:7 |    1572 |       0 |   0.0 |      17 |       0 |   0.0
        D:8 |    1309 |     961 |  42.3 |      25 |       5 |  16.7
        D:9 |    2954 |     833 |  22.0 |      40 |       9 |  18.4
       D:10 |     226 |       0 |   0.0 |       4 |       0 |   0.0
      Sewer |       0 |      65 | 100.0 |       0 |      26 | 100.0
            +---------+---------+-------+---------+---------+-------
